 Dungeon Crawl Stone Soup version 0.26.1-11-gd32895ea62 (webtiles) character file.

Game seed: 14916496818690202445

203712 bnorton916 the Severer (level 19, -8/157 HPs)
             Began as a Formicid Fighter on June 28, 2021.
             Was an Initiate of Gozag.
             Mangled by a merfolk impaler
             ... wielding a +1 trident of distortion
              (18 damage)
             ... on level 3 of the Shoals.
             The game lasted 01:46:04 (39722 turns).

bnorton916 the Severer (Formicid Fighter)          Turns: 39722, Time: 01:46:04

Health: -8/157     AC: 32    Str: 34    XL:     19   Next: 33%
Magic:  19/19      EV: 14    Int: 21    God:    Gozag
Gold:   961        SH: 19    Dex: 18    Spells: 18/18 levels left

rFire    . . .     SeeInvis +   E - +4 broad axe (flame)
rCold    + + +     Faith    .   c - +1 kite shield
rNeg     . . .     Spirit   .   h - +5 chain mail "Nuhyps" {rElec rC++}
rPois    +         Reflect  +   (helmet unavailable)
rElec    +         Harm     .   a - +1 cloak of Mumblety Peg {rC+ Regen+ Slay+2}
rCorr    .         Rampage  .   f - +0 pair of gloves
Will     +....                  n - +4 pair of boots "Jeisiyl" {+Inv rPois Slay+3}
Stlth    ..........             L - amulet "Noquqaoh" {Reflect *Drain rPois Int+8 Slay+3 SH+5}
HPRegen  0.76/turn              G - ring of Sevoor {AC+4 Str+4 Dex+4}
MPRegen  0.16/turn              Q - ring "Lanuurun" {Str+6 Int+4 Slay+4 Stlth-}

@: gold aura
A: permanent stasis, dig shafts and tunnels, four strong arms, antennae 3
}: 1/15 runes: gossamer
a: Dig, Shaft Self, Renounce Religion, Evoke Invisibility, Potion Petition, Call
Merchant, Bribe Branch


You were on level 3 of the Shoals.
You worshipped Gozag.
Gozag was pleased with you.
You visited 6 branches of the dungeon, and saw 28 of its levels.
You also visited: Volcano.

You collected 10812 gold pieces.
You spent 5365 gold pieces at shops.
You paid 4486 gold pieces to Gozag.

Inventory:

Hand Weapons
 v - the +3 hand axe of Ammaynta {holy, rF+ Will+}
   (You found it on level 5 of the Dungeon)

   It has been blessed by the Shining One to cause great damage to the undead
   and demons.
   It protects you from fire.
   It affects your willpower, your defense against some magical effects.
 A - a +2 battleaxe
 B - a +3 double sword of electrocution
 E - a +4 broad axe of flaming (weapon)
 K - the +9 trident of Ointment {vorpal, Dex+3}
   (You took it off a centaur on level 9 of the Dungeon)

   It inflicts extra damage upon your enemies.
   It affects your dexterity (+3).
 N - the +4 war axe of Oqabogg {vorpal, rN+ Str-4 Int+8}
   (You took it off Maurice on level 9 of the Dungeon)

   It inflicts extra damage upon your enemies.
   It affects your strength (-4).
   It affects your intelligence (+8).
   It protects you from negative energy.
 V - a +0 fustibalus
 Z - a +2 war axe of freezing
Missiles
 o - 6 javelins
 S - 3 curare-tipped darts (quivered)
 X - 38 sling bullets
Armour
 a - the +1 cloak of Mumblety Peg (worn) {rC+ Regen+ Slay+2}
   (You bought it in a shop on level 1 of the Lair of Beasts)

   It affects your accuracy and damage with ranged weapons and melee attacks
   (+2).
   It protects you from cold.
   It increases your rate of regeneration.
 c - a +1 kite shield (worn)
 f - a +0 pair of gloves (worn)
 h - the +5 chain mail "Nuhyps" (worn) {rElec rC++}
   (You bought it in a shop on level 8 of the Dungeon)

   It greatly protects you from cold.
   It insulates you from electricity.
 n - the +4 pair of boots "Jeisiyl" (worn) {+Inv rPois Slay+3}
   (You bought it in a shop on level 8 of the Dungeon)

   It affects your accuracy and damage with ranged weapons and melee attacks
   (+3).
   It protects you from poison.
   It lets you turn invisible.
Jewellery
 q - an uncursed ring of willpower
 t - an uncursed ring of resist corrosion
 u - an uncursed amulet of the acrobat
 C - an uncursed amulet of regeneration
 G - the ring of Sevoor (left hand) {AC+4 Str+4 Dex+4}
   (You found it on level 4 of the Spider Nest)

   [ring of protection]

   It affects your AC (+4).
   It affects your strength (+4).
   It affects your dexterity (+4).
 L - the amulet "Noquqaoh" (around neck) {Reflect *Drain rPois Int+8 Slay+3 SH+5}
   (You bought it in a shop on level 1 of the Lair of Beasts)

   [amulet of reflection]

   It shields you and reflects attacks.
   It affects your intelligence (+8).
   It affects your accuracy and damage with ranged weapons and melee attacks
   (+3).
   It protects you from poison.
   It causes draining when unequipped.
   It affects your SH (+5).
 Q - the ring "Lanuurun" (right hand) {Str+6 Int+4 Slay+4 Stlth-}
   (You bought it in a shop on level 1 of the Lair of Beasts)

   [ring of attention]

   It affects your strength (+6).
   It affects your intelligence (+4).
   It affects your accuracy and damage with ranged weapons and melee attacks
   (+4).
   It makes you less stealthy.
 U - the ring of Suicidal Tendencies {*Tele rF+ rN++ Str+4}
   (You bought it in a shop on level 1 of the Lair of Beasts)

   [ring of teleportation]

   It may teleport you next to monsters.
   It affects your strength (+4).
   It protects you from fire.
   It greatly protects you from negative energy.
 W - a +6 ring of intelligence {unknown}
Wands
 b - a wand of paralysis (29)
 d - a wand of disintegration (33)
 r - a wand of iceblast (19)
 x - a wand of polymorph (7)
 z - a wand of flame (26)
 M - a wand of random effects (90)
Scrolls
 j - 4 scrolls of enchant armour
 k - 8 scrolls of remove curse
 s - 2 scrolls of fear
 w - 4 scrolls of magic mapping
 y - 8 scrolls of fog
 H - 4 scrolls of amnesia
 I - a scroll of enchant weapon
 J - 2 scrolls of summoning
 T - a scroll of identify
 Y - 2 scrolls of silence
Potions
 e - 5 potions of lignification
 g - 3 potions of mutation
 i - 6 potions of curing
 l - 5 potions of invisibility
 m - 5 potions of ambrosia
 p - a potion of resistance
 D - 2 potions of heal wounds
 F - 3 potions of might
 O - 2 potions of cancellation
 P - 2 potions of flight
 R - 7 potions of brilliance


   Skills:
 - Level 16.0 Fighting
 - Level 20.0 Axes
 - Level 15.0 Armour
 - Level 7.0 Dodging
 + Level 8.2 Stealth
 - Level 9.0 Shields
 - Level 10.6 Evocations


You had 18 spell levels left.
You didn't know any spells.
Your spell library contained the following spells:

 Spells                   Type           Power        Failure   Level
 Beastly Appendage        Tmut           0%           45%         1
 Magic Dart               Conj           0%           45%         1
 Sandblast                Erth           0%           45%         1
 Summon Small Mammal      Summ           0%           45%         1
 Call Imp                 Summ           0%           58%         2
 Passwall                 Tmut/Erth      0%           58%         2
 Searing Ray              Conj           0%           58%         2
 Slow                     Hex            0%           58%         2
 Wereblood                Tmut           0%           58%         2
 Call Canine Familiar     Summ           0%           83%         3
 Confusing Touch          Hex            0%           83%         3
 Conjure Flame            Conj/Fire      0%           83%         3
 Dazzling Flash           Conj/Hex       0%           83%         3
 Gell's Gravitas          Tloc           0%           83%         3
 Mephitic Cloud           Conj/Pois/Air  0%           83%         3
 Spider Form              Tmut/Pois      0%           83%         3
 Static Discharge         Conj/Air       0%           83%         3
 Stone Arrow              Conj/Erth      0%           83%         3
 Summon Guardian Golem    Hex/Summ       0%           83%         3
 Animate Dead             Necr           0%           99%         4
 Fulminant Prism          Conj/Hex       0%           99%         4
 Ice Form                 Ice/Tmut       0%           99%         4
 Iskenderun's Mystic Bla  Conj/Tloc      0%           99%         4
 Petrify                  Tmut/Erth      0%           99%         4
 Summon Ice Beast         Ice/Summ       0%           99%         4
 Summon Lightning Spire   Summ/Air       0%           99%         4
 Blade Hands              Tmut           0%           100%        5
 Borgnjor's Vile Clutch   Necr/Erth      0%           100%        5
 Lee's Rapid Deconstruct  Erth           0%           100%        5
 Lightning Bolt           Conj/Air       0%           100%        5
 Metabolic Englaciation   Hex/Ice        0%           100%        5
 Yara's Violent Unravell  Hex/Tmut       0%           100%        5
 Death Channel            Necr           0%           100%        6
 Simulacrum               Ice/Necr       0%           100%        6
 Ignition                 Fire           0%           100%        8
 Shatter                  Erth           0%           100%        9
 Tornado                  Air            0%           100%        9
 Blink                    Tloc           Unusable     N/A         2

Dungeon Overview and Level Annotations

Branches:
Dungeon (12/15)            Temple (1/1) D:5            Lair (6/6) D:10
 Shoals (3/4) Lair:4       Spider (4/4) Lair:2        Slime (0/5) Lair:6
    Orc (2/2) D:12            Elf (0/3) Orc:2       Volcano (visited)

Altars:
Ashenzari
Fedhas
Gozag
Kikubaaqudgha
Makhleb
Ru
Trog
Vehumet
Wu Jian
Xom
Beogh
Jiyva

Shops:
D:8 [   Orc:1 [   Orc:2 [:[*   Lair:1 =[=!

Annotations:
Spider:3 2 transporters, exclusion: orange crystal statue


Innate Abilities, Weirdness & Mutations

You cannot be hasted, slowed, berserked, paralysed or teleported.
You can dig through walls and to a lower floor.
Your four strong arms can wield two-handed weapons with a shield.
You have a pair of large antennae on your head. (SInv)


Message History

A merfolk impaler comes into view.
It is wielding a +1 trident of distortion.
The merfolk impaler shouts!
Things that are here:
12 gold pieces; 2 throwing nets; a cursed -3 spear
There is a stone staircase leading up, spattered with blood here.
A merfolk impaler is nearby!
A merfolk impaler is nearby!
A dream sheep comes into view.
The dream sheep bleats!
A dream sheep comes into view.
The dream sheep bleats!
You block the merfolk impaler's attack.
The dream sheep shake their wool and sparkle.
You feel drowsy...
You fall asleep.
The merfolk impaler hits you from afar with a +1 trident of distortion!!!
You wake up.
* * * LOW HITPOINT WARNING * * *
Space warps horribly around you!!
You die...
Your body crumbles into a pile of gold.

≈≈≈≈≈≈..≈≈≈≈≈..##
≈≈≈≈≈≈≈.≈........
≈≈≈≈≈≈.......^...
≈≈≈≈≈≈...YY......≈
≈≈..≈.....###.≈≈..
≈.P.......## ...
≈P.....).(.###...≈
.P.P..##..(......≈
≈.P.P.##.@.....#..
≈PPPP..).$.###.#
≈P.PP..m.)..# ..
.≈≈..≈...........≈
....P≈...≈≈.......
...P.≈≈.≈.........
#...≈≈..≈.........
....≈≈...≈≈≈......
...≈.............≈


You could see a merfolk impaler and 2 dream sheep.

Vanquished Creatures
  Arachne (Spider:3)
  Asterion (Spider:3)
  Kirke (Spider:1)
  Gastronok (Lair:1)
  Agnes (Spider:3)
  Roxanne (Spider:1)
  Donald (Spider:1)
  4 ghost moths
  Ilsuiw (Shoals:2)
  4 emperor scorpions (Spider:4)
  6 entropy weavers
  4 dire elephants (Lair:6)
  3 spark wasps
  Snorg (D:12)
  3 merfolk impalers (Shoals:2)
  Erolcha (D:9)
  8 hydras
  An anaconda (Lair:6)
  Erica (D:11)
  A death knight (D:12)
  A merfolk avatar (Shoals:2)
  A death yak (D:10)
  3 two-headed ogres
  A queen ant (Spider:4)
  2 satyrs (Shoals:2)
  Urug (Lair:3)
  8 death scarabs (Spider:4)
  A sun demon (Volcano)
  Sonja (D:10)
  2 unseen horrors (D:12)
  7 sea snakes
  A phantasmal warrior (D:12)
  3 orc knights
  3 spectral wolf spiders (Spider:4)
  17 orb spiders
  An orc sorcerer (Volcano)
  11 fauns
  A deep elf mage (D:12)
  5 ugly things
  4 oklob plants (Lair:2)
  13 manticores
  24 wolf spiders
  4 cyclopes
  2 moths of wrath (Spider:4)
  20 elephants
  3 water nymphs
  Maurice (D:9)
  7 merfolk sirens
  A torpor snail (Spider:2)
  2 black mambas
  8 cane toads
  6 komodo dragons
  An efreet (D:9)
  A kobold demonologist (D:9)
  4 spectral redbacks (Spider:4)
  3 rime drakes
  3 freezing wraiths (D:12)
  A yaktaur (Shoals:1)
  12 demonic crawlers
  A redback zombie (Spider:4)
  8 merfolk
  4 trolls
  49 jumping spiders
  A wind drake (Lair:4)
  14 dream sheep
  3 slime creatures (D:9)
  15 hornets
  6 spectral tarantellas (Spider:4)
  17 blink frogs
  2 tarantella zombies (Spider:4)
  4 snapping turtles
  2 spectral jumping spiders (Spider:4)
  Sigmund (D:5)
  31 tarantellas
  2 shadows
  A wraith (D:9)
  81 redbacks
  7 wyverns
  37 yaks
  3 fire bats (Lair:2)
  3 water elementals
  2 hogs (Spider:1)
  6 basilisks
  Menkaure (D:7)
  4 wargs
  14 soldier ants (Spider:4)
  4 spectral hornets (Spider:4)
  13 water moccasins
  2 hell hounds (Volcano)
  36 orc warriors
  5 ice beasts
  3 black bears
  A necrophage (D:10)
  2 sky beasts (D:8)
  2 eyes of draining (D:11)
  9 ogres
  12 wolves
  19 centaurs
  3 big kobolds
  Blork the orc (D:6)
  26 bullfrogs
  3 scorpions
  27 killer bees
  8 wights
  A howler monkey (D:4)
  4 vampire bats (Lair:3)
  4 electric eels (Lair:2)
  A crimson imp (D:8)
  2 bullfrog zombies (D:5)
  6 jellies
  6 centaur zombies
  A centaur skeleton (D:8)
  Crazy Yiuf (D:2)
  2 bullfrog skeletons
  A gnoll shaman (D:9)
  9 orc priests
  2 hounds
  25 worker ants
  8 iguanas
  10 orc wizards
  A killer bee zombie (D:6)
  2 worker ant zombies
  Robin (D:3)
  4 gnolls (D:4)
  16 adders
  4 shadow imps
  An ufetubus (D:9)
  An ooze (D:4)
  4 adder skeletons
  An adder zombie (D:6)
  A worm (D:2)
  2 dart slugs (D:1)
  7 leopard geckos
  72 orcs
  6 giant cockroaches
  19 goblins
  10 hobgoblins
  6 jackals
  A quokka (D:8)
  2 ball pythons
  16 bats
  3 frilled lizards
  22 kobolds
  3 quokka skeletons
  3 rats
  2 bushes (Shoals:1)
  A plant (Shoals:2)
1024 creatures vanquished.

Vanquished Creatures (others)
  4 humans (Spider:1)
  A kobold (D:12)
  74 fungi
  86 plants
  3 toadstools (D:5)
168 creatures vanquished.

Grand Total: 1192 creatures vanquished

Notes
Turn   | Place    | Note
-------+----------+-------------------------------------------
     0 | D:1      | bnorton916 the Formicid Fighter began the quest for the
                  | Orb.
     0 | D:1      | Reached XP level 1. HP: 18/18 MP: 1/1
   219 | D:1      | Reached XP level 2. HP: 24/24 MP: 2/2
   743 | D:1      | Reached XP level 3. HP: 28/29 MP: 3/3
  1021 | D:2      | Found a radiant altar of Vehumet.
  1205 | D:2      | Reached XP level 4. HP: 29/37 MP: 4/4
  1781 | D:2      | Found a runed translucent door.
  1782 | D:2      | Noticed Crazy Yiuf
  2116 | D:3      | Noticed Robin
  2374 | D:3      | Killed Robin
  2375 | D:3      | Reached XP level 5. HP: 41/42 MP: 5/5
  2399 | D:3      | Reached skill level 3 in Axes
  2442 | D:3      | Noticed an ogre
  2450 | D:3      | Killed an ogre
  2451 | D:3      | Reached XP level 6. HP: 49/49 MP: 6/6
  2703 | D:3      | Found an ancient bone altar of Kikubaaqudgha.
  2821 | D:3      | Found an opulent altar of Gozag.
  2968 | D:3      | Became a worshipper of Gozag Ym Sagoz the Greedy
  3145 | D:4      | Reached skill level 5 in Shields
  3605 | D:4      | Reached skill level 5 in Armour
  3605 | D:4      | Reached XP level 7. HP: 40/55 MP: 7/7
  3818 | D:4      | Found a bloodstained altar of Trog.
  3838 | D:4      | Reached skill level 5 in Fighting
  3976 | D:5      | Entered Level 5 of the Dungeon
  4074 | D:5      | Noticed Sigmund
  4077 | D:5      | Reached skill level 4 in Axes
  4086 | D:5      | Killed Sigmund
  4342 | D:5      | Got a jewelled hand axe
  4343 | D:5      | Identified the cursed +3 hand axe of Ammaynta {holy, rF+
                  | Will+} (You found it on level 5 of the Dungeon)
  4424 | D:5      | Found a staircase to the Ecumenical Temple.
  4431 | Temple   | Entered the Ecumenical Temple
  4544 | D:5      | Reached XP level 8. HP: 51/63 MP: 8/8
  4926 | D:6      | Reached skill level 5 in Axes
  5104 | D:6      | Noticed Blork the orc
  5121 | D:6      | Killed Blork the orc
  5274 | D:6      | Reached XP level 9. HP: 56/71 MP: 5/9
  5350 | D:6      | Found a broken altar of Ashenzari.
  6339 | D:7      | Noticed Menkaure
  6350 | D:7      | Killed Menkaure
  6351 | D:7      | Reached skill level 6 in Axes
  8557 | D:7      | Reached XP level 10. HP: 72/80 MP: 10/10
  8946 | D:8      | Reached skill level 7 in Axes
  9533 | D:8      | Found a blossoming altar of Fedhas.
  9736 | D:8      | Found a sacrificial altar of Ru.
  9897 | D:2      | Killed Crazy Yiuf
 10099 | D:8      | Found a burning altar of Makhleb.
 10177 | D:8      | Found a shimmering altar of Xom.
 10188 | D:8      | Found an ornate altar of the Wu Jian Council.
 10855 | D:8      | Reached skill level 8 in Axes
 10981 | D:9      | Noticed a manticore
 10982 | D:9      | Noticed a kobold demonologist
 10982 | D:9      | Noticed a white ugly thing
 11012 | D:9      | HP: 3/83 [barbs]
 11363 | D:8      | Bought the +4 pair of boots "Jeisiyl" {+Inv rPois Slay+3}
                  | for 663 gold pieces
 11583 | D:9      | Noticed a cyclops
 11699 | D:9      | Identified the cursed +2 glaive "Lesuel" {spect, Dex+2}
 11699 | D:9      | Identified the cursed +2 glaive "Lesuel" {spect, Dex+2}
 11811 | D:9      | Reached XP level 11. HP: 83/89 MP: 11/11
 12007 | D:9      | Killed a cyclops
 12096 | D:9      | Reached skill level 10 in Armour
 12180 | D:9      | Reached skill level 10 in Fighting
 12180 | D:9      | Reached skill level 9 in Axes
 12340 | D:9      | Killed a manticore
 12612 | D:9      | Identified the +9 trident of Ointment {vorpal, Dex+3}
 12841 | D:9      | Noticed a two-headed ogre
 12846 | D:9      | Killed a two-headed ogre
 12852 | D:9      | Killed a white ugly thing
 13039 | D:9      | Identified the +4 war axe of Oqabogg {vorpal, rN+ Str-4
                  | Int+8}
 13039 | D:9      | Identified the ring "Piacy" {*Tele Stlth+}
 13039 | D:9      | Noticed Maurice
 13047 | D:9      | Killed Maurice
 13048 | D:9      | Reached skill level 10 in Axes
 13254 | D:9      | Noticed Erolcha
 13266 | D:9      | You fall into a shaft and drop 3 floors!
 13664 | D:10     | Entered Level 10 of the Dungeon
 13664 | D:10     | Noticed Erica
 13680 | D:11     | Killed Erica
 13890 | D:11     | Reached XP level 12. HP: 88/100 MP: 12/12
 13946 | D:10     | Noticed a death yak
 13950 | D:10     | Noticed a two-headed ogre
 13951 | D:10     | Noticed a two-headed ogre
 14446 | D:11     | Reached skill level 11 in Axes
 14833 | D:10     | Noticed Sonja
 14868 | D:10     | Killed Sonja
 15172 | D:10     | You fall into a shaft and drop 1 floor!
 15570 | D:10     | Reached skill level 1 in Evocations
 15611 | D:10     | Killed a two-headed ogre
 15654 | D:10     | Killed a two-headed ogre
 15671 | D:10     | Killed a death yak
 15949 | D:10     | Found a staircase to the Lair.
 16112 | D:10     | Reached skill level 12 in Axes
 16236 | Lair:1   | Entered Level 1 of the Lair of Beasts
 16266 | Lair:1   | Bought the ring of Suicidal Tendencies {*Tele rF+ rN++
                  | Str+4} for 444 gold pieces
 16476 | Lair:1   | Reached skill level 5 in Evocations
 16529 | Lair:1   | Reached XP level 13. HP: 109/109 MP: 13/13
 16746 | Lair:1   | Noticed Gastronok
 16756 | Lair:1   | Killed Gastronok
 17384 | Lair:2   | Found a dark tunnel.
 17399 | Volcano  | Entered a volcano
 17435 | Volcano  | Reached skill level 13 in Axes
 17706 | Lair:2   | Reached XP level 14. HP: 116/116 MP: 14/14
 18772 | Lair:2   | Found a hole to the Spider Nest.
 19951 | D:9      | Killed Erolcha
 19952 | D:9      | Reached skill level 14 in Axes
 19993 | D:8      | Bought the +5 chain mail "Nuhyps" {rElec rC++} for 732 gold
                  | pieces
 20287 | Lair:3   | Reached skill level 10 in Evocations
 20706 | Lair:3   | Noticed Urug
 20722 | Lair:3   | Killed Urug
 20723 | Lair:3   | Reached XP level 15. HP: 99/122 MP: 15/15
 21798 | Lair:4   | Found a staircase to the Shoals.
 23152 | Lair:5   | Reached skill level 15 in Axes
 23950 | Lair:6   | Entered Level 6 of the Lair of Beasts
 24168 | Lair:6   | Reached skill level 16 in Axes
 24196 | Lair:6   | Reached skill level 1 in Dodging
 24880 | Lair:6   | Reached skill level 5 in Dodging
 25222 | Lair:6   | Found a viscous altar of Jiyva.
 25222 | Lair:6   | Found a staircase to the Slime Pits.
 25815 | Lair:1   | Bought the amulet "Noquqaoh" {Reflect *Drain rPois Int+8
                  | Slay+3 SH+5} for 650 gold pieces
 25836 | Lair:1   | Bought the ring "Lanuurun" {Str+6 Int+4 Slay+4 Stlth-} for
                  | 523 gold pieces
 26048 | D:12     | Reached XP level 16. HP: 112/129 MP: 16/16
 26325 | D:12     | Noticed Snorg
 26354 | D:12     | Killed Snorg
 26657 | D:12     | Found a roughly hewn altar of Beogh.
 26657 | D:12     | Found a staircase to the Orcish Mines.
 27390 | Orc:1    | Entered Level 1 of the Orcish Mines
 27390 | Orc:1    | Found Teony's Armour Emporium.
 27867 | Orc:2    | Entered Level 2 of the Orcish Mines
 27933 | Orc:2    | Found a staircase to the Elven Halls.
 28479 | Orc:2    | Found Moithres's Book Shoppe.
 28479 | Orc:2    | Found Onwayleu's Antique Armour Boutique.
 28481 | Orc:2    | Found Pemotuim's General Store.
 28483 | Orc:2    | Found Durghu Irerch's Antique Armour Emporium.
 28722 | Spider:1 | Entered Level 1 of the Spider Nest
 28827 | Spider:1 | Noticed Roxanne
 28866 | Spider:1 | Killed Roxanne
 29231 | Spider:1 | Noticed Kirke
 29241 | Spider:1 | Killed Kirke
 29696 | Spider:1 | Noticed Donald
 29717 | Spider:1 | Killed Donald
 30718 | Spider:2 | Reached XP level 17. HP: 118/140 MP: 17/17
 31193 | Spider:2 | Reached skill level 15 in Fighting
 31628 | Spider:2 | Reached skill level 17 in Axes
 32721 | Spider:3 | Found a transporter.
 32721 | Spider:3 | Found a transporter.
 32780 | Spider:3 | Noticed Arachne
 32806 | Spider:3 | Killed Arachne
 33200 | Spider:3 | Noticed Agnes
 33208 | Spider:3 | Killed Agnes
 33602 | Spider:4 | Entered Level 4 of the Spider Nest
 33785 | Spider:4 | Noticed Asterion
 33984 | Spider:3 | Killed Asterion
 34537 | Spider:4 | Reached XP level 18. HP: 138/151 MP: 18/18
 34916 | Spider:4 | Reached skill level 15 in Armour
 34953 | Spider:4 | Got a clouded glass ring
 34991 | Spider:4 | Identified the ring of Sevoor {AC+4 Str+4 Dex+4} (You found
                  | it on level 4 of the Spider Nest)
 35124 | Spider:4 | Reached skill level 18 in Axes
 36950 | Spider:4 | Reached skill level 19 in Axes
 37251 | Spider:4 | Got a gossamer rune of Zot
 37527 | Lair:1   | Bought a brightly glowing cloak for 294 gold pieces
 37537 | Lair:1   | Identified the +1 cloak of Mumblety Peg {rC+ Regen+ Slay+2}
                  | (You bought it in a shop on level 1 of the Lair of Beasts)
 37548 | Lair:1   | Bought a potion of mutation for 152 gold pieces
 37665 | Orc:2    | Bought brightly glowing ice dragon scales for 1885 gold
                  | pieces
 37670 | Orc:2    | Bought a scroll of identify for 22 gold pieces
 37672 | Orc:2    | Identified the +4 ice dragon scales of the Jackalope {rF-
                  | rC++ Str+4} (You bought it in a shop on level 2 of the
                  | Orcish Mines)
 37881 | Shoals:1 | Entered Level 1 of the Shoals
 38877 | Shoals:2 | Reached XP level 19. HP: 157/157 MP: 19/19
 38898 | Shoals:2 | Reached skill level 20 in Axes
 38903 | Shoals:2 | Reached skill level 1 in Stealth
 38982 | Shoals:2 | Noticed Ilsuiw
 39011 | Shoals:2 | Killed Ilsuiw
 39226 | Shoals:2 | Reached skill level 5 in Stealth
 39722 | Shoals:3 | Mangled by a merfolk impaler

Illustrated notes

Levels and vault maps discovered:
D:1:      dpeg_arrival_chambers_temple_mockup, layout_basic
D:2:      layout_basic, lemuel_crystal_altar, fountainhead,
          kennysheep_minor_cross, uniq_crazy_yiuf_cottage
D:3:      layout_rooms, general_overflow_altar, lemuel_coloured_pillars_altar,
          minmay_checkerbox, uniq_robin
D:4:      minmay_diamond_boxcup, layout_rooms, chequers_serial_rivers_micro_b,
          corner_web_ring, trog_three_pillars_becter
D:5:      layout_basic, temple_green, minmay_gold_behind_fungi, uniq_sigmund
D:6:      layout_cave_pods, lemuel_round_altar, uniq_blork_the_orc
D:7:      layout_basic, minmay_crossroads, uniq_menkaure
D:8:      layout_cave_pods, nicolae_overflow_quartered_altars,
          makhleb_grotto_becter
D:9:      minmay_the_grid_square_5x5_4x4
          [minmay_the_grid_square_5x5_checkered_sparse,
          minmay_the_grid_square_5x5_bridge,
          minmay_the_grid_square_5x5_hourglass,
          minmay_the_grid_square_5x5_eight_small,
          minmay_the_grid_square_5x5_shuriken,
          minmay_the_grid_square_5x5_prize_pseudospiral,
          minmay_the_grid_square_5x5_prize_rear_guard,
          minmay_the_grid_square_5x5_hollow_slash,
          minmay_the_grid_square_5x5_six,
          minmay_the_grid_square_5x5_prize_snowflake,
          minmay_the_grid_square_5x5_prize_itemx,
          minmay_the_grid_square_5x5_forky,
          minmay_the_grid_square_5x5_minivault,
          minmay_the_grid_square_5x5_detours,
          minmay_the_grid_square_5x5_inner_i, minmay_the_grid_square_5x5_comb],
          layout_gridville, uniq_maurice, uniq_erolcha
D:10:     layout_rooms, david_lair_generic, enter_bailey_2, serial_corexii_hall,
          corexii_hall_statues_l, corexii_hall_statues_s, uniq_erica, uniq_sonja
D:11:     layout_loops_cross
D:12:     layout_stronghold, david_orc_5, minivault_5, minivault_19, uniq_snorg
Temple:   nicolae_temple_god_jail
Lair:1:   layout_gridlike, uniq_gastronok
Lair:2:   layout_long_grid, nicolae_spider_entry_tight_spaces,
          nicolae_volcano_entry_batcave, serial_bayou_lake_a,
          minmay_lair_oklob_chamber, serial_bayou_shore_b, lemuel_fruit_fields
Lair:3:   layout_chaotic_city, roderic_batcave, cheibrodos_lair_reptile_den,
          uniq_urug
Lair:4:   layout_layer_cave, minmay_shoals_entry_beasts, lemuel_fruit_fields
Lair:5:   layout_cave_pods, infiniplex_staircase_pool_2
Lair:6:   due_jungle_book, layout_misc_corridors, slime_altar_1,
          chequers_serial_rivers_small_a
Shoals:1: layout_shoals, yaktaur_hedge
Shoals:2: layout_shoals, serial_shops, nicolae_shop_waterfront, uniq_ilsuiw
Shoals:3: layout_shoals, serial_shops, shop
Spider:1: layout_spider_delve, uniq_kirke, uniq_donald, uniq_roxanne
Spider:2: layout_spider_delve, special_room
Spider:3: gammafunk_sealed_arena, spiders_nest_hornet_nest, uniq_arachne,
          uniq_agnes
Spider:4: floodkiller_spider_rune_tomb, minmay_another_anthill, uniq_asterion
Orc:1:    layout_caves, serial_shops, shop_fountains
Orc:2:    st_orc_rangers, layout_caves, nicolae_orc_tapped_out

Skill      XL: |  1  2  3  4  5  6  7  8  9 10 11 12 13 14 15 16 17 18 19 |
---------------+----------------------------------------------------------+-----
Shields        | 4 5 6 7 8 9 |  9.0
Armour         | 4 5 6 7 9 10 12 13 14 15 | 15.0
Fighting       | 4 5 6 7 9 11 12 14 16 | 16.0
Axes           | 3 4 5 6 8 10 12 13 14 16 17 19 20 | 20.0
Evocations     | 5 8 10 | 10.6
Dodging        | 7 |  7.0
Stealth        | 8 |  8.2

Action                   |  1- 3 |  4- 6 |  7- 9 | 10-12 | 13-15 | 16-18 | 19-21 || total
-------------------------+-------+-------+-------+-------+-------+-------+-------++-------
Melee: War axe           |   112 |   156 |    34 |   393 |   777 |   699 |       ||  2171
       Hand axe          |       |       |   304 |   281 |       |       |       ||   585
       Trident           |       |       |       |       |    30 |    75 |       ||   105
       Scimitar          |       |       |       |       |    62 |       |       ||    62
       Broad axe         |       |       |       |       |       |   373 |   150 ||   523
Throw: Dart              |       |       |       |       |       |     4 |       ||     4
       Javelin           |       |       |       |       |       |     1 |       ||     1
Invok: Call Merchant     |       |       |       |     2 |     1 |     2 |       ||     5
 Abil: Dig               |     2 |     4 |    12 |    15 |    38 |    39 |     2 ||   112
       Shaft Self        |       |       |       |     1 |       |       |       ||     1
Evoke: Wand              |       |       |     7 |     3 |     8 |    10 |       ||    28
  Use: Scroll            |       |    12 |     1 |     8 |     9 |     5 |       ||    35
       Potion            |       |     3 |     1 |     7 |     2 |     2 |     1 ||    16
 Stab: Distracted        |       |       |       |     2 |     3 |     9 |     2 ||    16
       Invisible         |       |       |       |     1 |       |       |       ||     1
       Sleeping          |       |       |       |     1 |       |       |       ||     1
Armor: Scale mail        |    58 |    71 |   105 |   142 |       |       |       ||   376
       Shadow dragon sca |       |       |       |    94 |   115 |       |       ||   209
       Chain mail        |       |       |       |       |   199 |   419 |    28 ||   646
Dodge: Dodged            |    38 |    63 |   120 |   201 |   185 |   368 |    26 ||  1001
Block: Kite shield       |    62 |   107 |   229 |   442 |   529 |  1090 |    94 ||  2553
       Reflection        |       |       |       |       |     8 |    90 |     6 ||   104
       Rpst.: Scimitar   |       |       |       |       |     3 |       |       ||     3
